 Dungeon Crawl Stone Soup version 0.30-a0-414-gcb316572d5 (webtiles) character file.

Game seed: 14017808384193763979

741 zishaf the Trooper (level 8, -13/61 HPs)
             Began as a Djinni Venom Mage on Dec 7, 2022.
             Mangled by an ice beast (18 damage)
             ... on level 4 of the Dungeon.
             The game lasted 00:04:18 (4082 turns).

zishaf the Trooper (Djinni Venom Mage)              Turns: 4082, Time: 00:04:18

Health: -13/61     AC:  2    Str:  7    XL:     8   Next: 5%
Gold:   239        EV: 12    Int: 19    God:
                   SH:  0    Dex: 14

rFire   + + .      SeeInvis .    o - +9 trident "Baes" {vorpal, *Noise *Slow rPois Stlth+}
rCold   x . .      Faith    .    (no shield)
rNeg    + . .      Spirit   .    a - +0 robe
rPois   ∞          Reflect  .    (no helmet)
rElec   .          Harm     .    (no cloak)
rCorr   .          Rampage  .    (no gloves)
Will    .....                    (boots unavailable)
Stlth   +++.......               h - amulet of regeneration
HPRegen 1.10/turn                k - ring of positive energy
MPRegen 0.00/turn                r - ring of wizardry

@: flying
A: sickness immunity, fire resistance 2, cold vulnerability 1, float, innate
caster, HP casting, extra vitality 1
a: no special abilities


You were on level 4 of the Dungeon.
You visited 1 branch of the dungeon, and saw 4 of its levels.

You collected 239 gold pieces.

Inventory:

Hand Weapons
 c - a +2 dagger of speed
 o - the +9 trident "Baes" (weapon) {vorpal, *Noise *Slow rPois Stlth+}
   (You found it on level 2 of the Dungeon)

   It inflicts extra damage upon your enemies.
   rPois:     It protects you from poison.
   *Noise:    It may make noises in combat.
   *Slow:     It may slow you when you take damage.
   Stlth:     It makes you more stealthy.
Armour
 a - a +0 robe (worn)
Magical Staves
 s - a staff of fire
Jewellery
 h - an amulet of regeneration (around neck)
 i - an amulet of reflection
 k - a ring of positive energy (left hand)
 r - a ring of wizardry (right hand)
Wands
 p - a wand of flame (19)
Scrolls
 j - a scroll of enchant armour
 m - a scroll of teleportation
 n - a scroll of summoning
 t - a scroll of vulnerability
Potions
 b - a potion of resistance
 d - a potion of berserk rage
 e - 7 potions of curing
 f - 2 potions of brilliance
 g - a potion of flight {unknown}
 l - a potion of ambrosia {unknown}


   Skills:
 + Level 5.7 Fighting
 - Level 2.1 Dodging
 - Level 1.5 Stealth
 + Level 5.1 Spellcasting


You had one spell level left.
You knew the following spells:

 Your Spells              Type           Power      Damage    Failure   Level
a - Sting                 Tmut/Pois      96%        1d7       1%          1
b - Poisonous Vapours     Pois/Air       48%        N/A       1%          2
c - Kiss of Death         Conj/Necr      96%        2d12      1%          1
d - Lesser Beckoning      Tloc           48%        N/A       1%          3
z - Mephitic Cloud        Conj/Pois/Air  24%        N/A       1%          3
A - Olgreb's Toxic Radia  Pois           24%        N/A       6%          4
B - Call Imp              Summ           24%        N/A       1%          2
Your spell library was empty.

Dungeon Overview and Level Annotations

Branches:
Dungeon (4/15)
 Temple: D:4-7

Altars:

Annotations:
D:4 1 transporter


Innate Abilities, Weirdness & Mutations

You are immune to sickness and miasma.
You are immune to poison.
Your flesh is very heat resistant. (rF++)
You are vulnerable to cold. (rC-)
You float through the air rather than walking.
You learn spells naturally, not from books.
Your magical power is your life essence.
You have superior vitality. (+4 MHP)


Message History

You enter the transporter and appear at another place.
b - a potion of resistance You now have 239 gold pieces (gained 7).
There is a transporter landing site here.
You reach down and open the gate.
You reach to attack!
The helpless ice beast fails to defend itself.
You hit the ice beast.
The ice beast is moderately wounded.
You hit the ice beast.
The ice beast is heavily wounded.
The ice beast hits you. The ice beast freezes you!
You feel a terrible chill! The ice beast closely misses you.
You hit the ice beast but do no damage.
The ice beast is heavily wounded.
The ice beast hits you. The ice beast freezes you!
You feel a terrible chill!
You are too injured to fight recklessly!
You puncture the ice beast!
The ice beast is almost dead.
The ice beast hits you but does no damage.
You hit the ice beast.
You kill the ice beast!
Your Spellcasting skill increases to level 5!
You have reached level 8!
You feel clever.
You hit the ice beast but do no damage. The ice beast hits you.
The ice beast freezes you!
You feel a terrible chill!
* * * LOW HITPOINT WARNING * * *
You closely miss the ice beast.
You hear the wailing of sirens.
The ice beast misses you.
You barely miss the ice beast. The ice beast barely misses you.
You closely miss the ice beast. The ice beast hits you.
* * * LOW HITPOINT WARNING * * *
The ice beast freezes you!
You feel a terrible chill!
* * * LOW HITPOINT WARNING * * *
The ice beast hits you.
* * * LOW HITPOINT WARNING * * *
The ice beast freezes you!!
You feel a terrible chill!
You die...

######..#.###########.###..#.#
##.......#######......#..
#######......###..##.###
#°°☼°°######## ##.......
*#☼°°○☼#☼☼.☼☼☼####>.....<
####☼°°○☼#○○°○☼.#.....#....
##..#/$.°°☼.#.#°°#........##
#..©#©(.°☼○Y..©°○#©....####
#...#$$.☼°Y@#.#..#.....#####
#.###☼○°°°#☼☼○☼°°#..........
#..##°○☼°.#°○°○☼°#).######..
##.##°°○.Y########..#####..#
#.#######* #......#.....##
#..##########.##.....#####
##........##..##..####
##.................#
#.)...............#


You could see 2 ice beasts.

Vanquished Creatures
  Grinder (D:4)
  An ice beast (D:4)
  An ogre (D:4)
  2 scorpions (D:4)
  An iguana (D:3)
  Natasha (thrice) (D:4)
  8 adders
  An ufetubus (D:4)
  4 worms
  5 orcs (D:4)
  2 endoplasms
  7 giant cockroaches
  5 hobgoblins
  5 quokkas
  8 ball pythons
  5 bats
  2 frilled lizards (D:3)
  4 goblins
  6 kobolds
  2 rats
73 creatures vanquished.

Vanquished Creatures (collateral kills)
  A goblin (D:4)
1 creature vanquished.

Grand Total: 74 creatures vanquished

Notes
Turn   | Place    | Note
-------+----------+-------------------------------------------
     0 | D:1      | zishaf the Djinni Venom Mage began the quest for the Orb.
     0 | D:1      | zishaf set off with the following spells memorised: Sting,
                  | Poisonous Vapours, Mephitic Cloud, Olgreb's Toxic Radiance.
     0 | D:1      | Reached XP level 1. HP: 15/15 MP: 0/0
   372 | D:1      | Reached skill level 1 in Fighting
   372 | D:1      | Reached XP level 2. HP: 20/22 MP: 0/0
  1314 | D:2      | Reached XP level 3. HP: 28/28 MP: 0/0
  1314 | D:2      | Learned a level 1 spell: Kiss of Death
  1618 | D:2      | Identified the +9 trident "Baes" {vorpal, *Noise *Slow
                  | rPois Stlth+}
  2295 | D:3      | Reached XP level 4. HP: 33/33 MP: 0/0
  2673 | D:3      | Reached XP level 5. HP: 13/40 MP: 0/0
  2673 | D:3      | Learned a level 2 spell: Call Imp
  3257 | D:4      | Reached XP level 6. HP: 45/46 MP: 0/0
  3270 | D:4      | Noticed Grinder
  3275 | D:4      | Paralysed by Grinder for 5 turns
  3285 | D:4      | Killed Grinder
  3286 | D:4      | Reached XP level 7. HP: 35/53 MP: 0/0
  3286 | D:4      | Learned a level 3 spell: Lesser Beckoning
  3320 | D:4      | Reached skill level 5 in Fighting
  3462 | D:4      | Found a transporter.
  3484 | D:4      | Found a transporter.
  3571 | D:4      | Noticed Natasha
  3718 | D:4      | Killed Natasha
  3763 | D:4      | Found a transporter.
  3865 | D:4      | Noticed Natasha
  3873 | D:4      | Killed Natasha
  3916 | D:4      | Noticed Natasha
  3928 | D:4      | Killed Natasha
  4035 | D:4      | Found a transporter.
  4079 | D:4      | Reached skill level 5 in Spellcasting
  4079 | D:4      | Reached XP level 8. HP: 33/61 MP: 0/0
  4082 | D:4      | Mangled by an ice beast

Illustrated notes

Levels and vault maps discovered:
D:1:      kennysheep_arrival_seaside, layout_basic, nrook_uturn
D:2:      layout_basic, minivault_5
D:3:      layout_loops_corners
D:4:      gammafunk_cloud_chamber, layout_rooms, serial_park_tiny_2,
          dk_noncrumbling_3, uniq_grinder, uniq_natasha

Skill      XL: |  1  2  3  4  5  6  7 |
---------------+----------------------+-----
Fighting       | 1 2 3 4 5 |  5.7
Spellcasting   | 3 4 5 |  5.1
Dodging        | |  2.1
Stealth        | |  1.5

Action                   |  1- 3 |  4- 6 |  7- 9 || total
-------------------------+-------+-------+-------++-------
Melee: Unarmed           |     1 |       |       ||     1
       Trident           |     7 |    53 |    59 ||   119
 Cast: Sting             |    58 |     2 |       ||    60
  Use: Scroll            |       |     8 |     3 ||    11
 Stab: Sleeping          |     4 |     5 |     2 ||    11
Armor: Robe              |     3 |     8 |     5 ||    16
Dodge: Dodged            |    16 |    29 |    29 ||    74

Table legend: (Time is in decaauts)
 A = Elapsed time spent in this place.
 B = Non-inter-level travel time spent in this place.
 C = Inter-level travel time spent in this place.
 D = Time resting spent in this place.
 E = Time spent auto-exploring this place.
 F = Levels seen in this place.
 G = Mean time per level.
                   A        B        C        D        E       F      G
               +--------+--------+--------+--------+--------+-----+--------+
         Total |   4116 |   3975 |    141 |      0 |   3440 |   4 | 1029.0 |
       Dungeon |   4116 |   3975 |    141 |      0 |   3440 |   4 | 1029.0 |
               +--------+--------+--------+--------+--------+-----+--------+

Top non-repeatable levels by time:
     D:1: 1202 daAuts
     D:2: 1075 daAuts
     D:3: 945 daAuts
     D:4: 893 daAuts
